 Dungeon Crawl Stone Soup version 0.22.1-2-g9c5b331 (webtiles) character file.

132 whitewolfNL the Cudgeler (level 4, -5/40 HPs)
             Began as a Minotaur Berserker on Nov 28, 2018.
             Was a Believer of Trog.
             Slain by an ice beast (7 damage)
             ... on level 3 of the Dungeon.
             The game lasted 00:07:28 (2505 turns).

whitewolfNL the Cudgeler (Minotaur Berserker)       Turns: 2505, Time: 00:07:30

Health: -5/40      AC: 13    Str: 21    XL:     4   Next: 92%
Magic:  3/3        EV: 11    Int:  5    God:    Trog [**....]
Gold:   115        SH:  0    Dex: 10    Spells: 3/3 levels left

rFire    + . .     SeeInvis .   p - +2 flail (protect)
rCold    . . .     Gourm    .   (no shield)
rNeg     . . .     Faith    .   a - +0 scale mail
rPois    .         Spirit   .   (helmet restricted)
rElec    .         Reflect  .   (no cloak)
rCorr    .         Harm     .   (no gloves)
MR       .....                  (no boots)
Stlth    ..........             (no amulet)
HPRegen  0.13/turn              l - ring of protection from fire
MPRegen  0.08/turn              (no ring)

@: protection aura
A: retaliatory headbutt, horns 2
a: Berserk, Trog's Hand, Renounce Religion


You were on level 3 of the Dungeon.
You worshipped Trog.
Trog was pleased with you.
You were not hungry.

You visited 1 branch of the dungeon, and saw 3 of its levels.

You collected 115 gold pieces.

Inventory:

Hand Weapons
 p - a +2 flail of protection (weapon)
Missiles
 i - 73 stones (quivered)
 o - 14 sling bullets
Armour
 a - a +0 scale mail (worn)
Jewellery
 l - a ring of protection from fire (left hand)
Scrolls
 b - 2 scrolls of remove curse {unknown}
 d - 3 scrolls of magic mapping {unknown}
 e - a scroll of enchant armour {unknown}
 f - a scroll of amnesia {unknown}
 j - 2 scrolls of enchant weapon {unknown}
 k - 2 scrolls of identify {unknown}
 q - 2 scrolls of fear {unknown}
Potions
 g - a potion of magic {unknown}
 m - a potion of berserk rage {unknown}
Comestibles
 c - 6 rations
 h - 9 chunks of flesh


   Skills:
 + Level 4.1 Fighting
 * Level 5.4 Maces & Flails
 * Level 3.3 Armour
 * Level 2.8 Dodging
 * Level 1.2 Stealth


You had 3 spell levels left.
You didn't know any spells.
Your spell library was empty.

Dungeon Overview and Level Annotations

Branches:
Dungeon (3/15)

Altars:
Dithmenos
Kikubaaqudgha
Sif Muna
Wu Jian
Xom


Innate Abilities, Weirdness & Mutations

You reflexively headbutt those who attack you in melee.
You have a pair of horns on your head.


Message History

The ice beast closely misses you.
You closely miss the ice beast.
The ice beast is severely wounded.
The ice beast hits you but does no damage.
The ice beast hits you. The ice beast freezes you!
You closely miss the ice beast.
The ice beast is severely wounded.
The ice beast hits you. The ice beast freezes you!
* * * LOW HITPOINT WARNING * * *
You closely miss the ice beast.
The ice beast is severely wounded.
The ice beast hits you but does no damage.
You hit the ice beast.
Your weapon exudes an aura of protection.
Your headbutt misses the ice beast.
The ice beast is almost dead.
The ice beast hits you.
* * * LOW HITPOINT WARNING * * *
The ice beast freezes you!
You die...

#############
#...........#
#...........# #
#...........# ###.###
#...........###..(....
#.............@.....#
####....###....Y.....#
##⌠....##..........#
#...................
#...<.⌠...........#.
#.......#.........#
######⌠....##.........#
.......÷...........#...
....#############


You could see an ice beast.

Vanquished Creatures
  A gnoll (D:1)
  4 adders (D:2)
  2 worms (D:2)
  4 dart slugs
  A leopard gecko (D:1)
  7 orcs (D:3)
  3 giant cockroaches
  11 goblins
  7 hobgoblins (D:2)
  6 kobolds
  7 bats
  4 frilled lizards
  7 rats
64 creatures vanquished.

Notes
Turn   | Place    | Note
-------+----------+-------------------------------------------
     0 | D:1      | whitewolfNL the Minotaur Berserker began the quest for the
                  | Orb.
     0 | D:1      | Reached XP level 1. HP: 19/19 MP: 0/0
    93 | D:1      | Reached skill level 4 in Maces & Flails
    93 | D:1      | Reached XP level 2. HP: 6/27 MP: 1/1
   667 | D:1      | Reached XP level 3. HP: 31/33 MP: 2/2
   949 | D:1      | Reached ** piety under Trog
  1249 | D:2      | Found a shimmering altar of Xom.
  1483 | D:2      | Reached XP level 4. HP: 26/40 MP: 3/3
  1513 | D:2      | Reached skill level 1 in Stealth
  1773 | D:2      | Found a shadowy altar of Dithmenos.
  1777 | D:2      | Found an ancient bone altar of Kikubaaqudgha.
  1779 | D:2      | Found a deep blue altar of Sif Muna.
  1812 | D:2      | Reached skill level 5 in Maces & Flails
  2432 | D:3      | Found an ornate altar of the Wu Jian Council.
  2495 | D:3      | Noticed an ice beast
  2503 | D:3      | HP: 2/40 [ice beast (12)]
  2505 | D:3      | Slain by an ice beast

Skill      XL: |  1  2  3  4 |
---------------+-------------+-----
Maces & Flails | 4 5 |  5.4
Fighting       | 4 |  4.1
Stealth        | 1 |  1.2
Armour         | 3 |  3.3
Dodging        | |  2.8

Action                   |  1- 3 |  4- 6 || total
-------------------------+-------+-------++-------
Melee: Mace              |    79 |    30 ||   109
       Headbutt          |    15 |    11 ||    26
       Flail             |       |    18 ||    18
Invok: Berserk           |       |     1 ||     1
 Stab: Sleeping          |     2 |       ||     2
  Eat: Chunk             |     2 |     4 ||     6
Armor: Animal skin       |    10 |       ||    10
       Ring mail         |     8 |     8 ||    16
       Scale mail        |       |    28 ||    28
Dodge: Dodged            |    40 |    40 ||    80
